[ AOE2 MATCH · #495863695 ]
UnrankedBurgundians vs Malay
Rival team · LOSS
[ REPLAY ANALYSIS · EXTRACTED FROM THE RECORDED GAME ]
Feudal
10:37
Castle
21:49
Imperial
37:56
| APM avg | 44.7 |
| APM peak | 87 |
| eAPM avg | 26.0 |
| Villagers / military | 173 / 129 |
Focus
⚔️ 30.2% · 🌾 69.8%
Knight ×54 · Hand Cannoneer ×49 · Archer ×11 · Coustillier ×5 · Scout Cavalry ×4 · Monk ×2
Feudal
12:44
Castle
20:05
Imperial
35:38
| APM avg | 49.4 |
| APM peak | 103 |
| eAPM avg | 21.9 |
| Villagers / military | 118 / 187 |
Focus
⚔️ 34.4% · 🌾 65.6%
Spearman ×120 · Militia ×30 · Skirmisher ×17 · Battering Ram ×7 · Bombard Cannon ×7 · Monk ×6
Match map
Initial resources + every placement click. Lines = walls · curves = elevation contours. ◆ gold · ⬟ stone · ● berries · ✦ relic · ◌ wall gap
Your base· Open — 5t gap
Dr Zenit's base· Open — 5t gap
Smoothed initial terrain · ◌ = detected wall gap · hover for details
Inputs per minute
— AE | TurRomanticoH - - Dr Zenit
Build order — AE | TurRomanticoH
First 150 of 551 actions detected
| 0:00 | Queue | Villager (Male) |
| 0:01 | Queue | Villager (Male) |
| 0:01 | Queue | Villager (Male) |
| 0:03 | Build | House |
| 0:04 | Build | House |
| 0:08 | Queue | Villager (Male) |
| 1:25 | Queue | Villager (Male) |
| 1:25 | Queue | Villager (Male) |
| 1:50 | Queue | Villager (Male) |
| 1:50 | Queue | Villager (Male) |
| 1:56 | Build | Lumber Camp |
| 2:30 | Queue | Villager (Male) |
| 2:54 | Queue | Villager (Male) |
| 2:54 | Queue | Villager (Male) |
| 3:01 | Queue | Villager (Male) |
| 3:01 | Queue | Villager (Male) |
| 3:48 | Queue | Villager (Male) |
| 3:48 | Queue | Villager (Male) |
| 4:02 | Build | House |
| 4:08 | Build | House |
| 4:12 | Research | Loom |
| 4:21 | Queue | Villager (Male) |
| 4:22 | Queue | Villager (Male) |
| 4:23 | Queue | Villager (Male) |
| 4:49 | Queue | Villager (Male) |
| 4:49 | Queue | Villager (Male) |
| 5:15 | Build | Palisade Wall |
| 5:32 | Build | Mill |
| 5:39 | Queue | Villager (Male) |
| 5:39 | Queue | Villager (Male) |
| 5:40 | Queue | Villager (Male) |
| 5:40 | Queue | Villager (Male) |
| 6:23 | Research | Double-Bit Axe |
| 6:23 | Research | Double-Bit Axe |
| 6:23 | Research | Double-Bit Axe |
| 7:05 | Queue | Villager (Male) |
| 7:11 | Queue | Villager (Male) |
| 8:27 | Research | Feudal Age |
| 8:28 | Research | Feudal Age |
| 10:06 | Build | Mining Camp |
| 10:16 | Build | Barracks |
| 10:37 | Age | Feudal Age |
| 10:41 | Queue | Villager (Male) |
| 10:50 | Research | Bow Saw |
| 10:50 | Research | Bow Saw |
| 10:53 | Queue | Villager (Male) |
| 10:59 | Queue | Villager (Male) |
| 11:35 | Build | Archery Range |
| 11:38 | Build | Palisade Wall |
| 11:39 | Queue | Villager (Male) |
| 11:53 | Build | House |
| 11:59 | Queue | Villager (Male) |
| 12:08 | Build | Lumber Camp |
| 12:18 | Queue | Villager (Male) |
| 12:31 | Queue | Archer |
| 12:47 | Build | House |
| 12:49 | Queue | Archer |
| 12:56 | Research | Horse Collar |
| 12:57 | Research | Horse Collar |
| 13:01 | Queue | Villager (Male) |
| 13:11 | Build | Mill |
| 13:17 | Queue | Archer |
| 13:22 | Queue | Villager (Male) |
| 13:25 | Build | House |
| 13:27 | Queue | Villager (Male) |
| 13:32 | Build | Farm |
| 13:34 | Build | Farm |
| 13:38 | Build | Farm |
| 13:44 | Queue | Archer |
| 13:53 | Build | Farm |
| 14:04 | Build | House |
| 14:12 | Build | Blacksmith |
| 14:14 | Build | Palisade Wall |
| 14:26 | Build | Farm |
| 14:28 | Build | Farm |
| 14:32 | Build | Farm |
| 14:33 | Queue | Villager (Male) |
| 14:46 | Queue | Villager (Male) |
| 14:53 | Build | House |
| 14:56 | Queue | Villager (Male) |
| 15:00 | Build | Farm |
| 15:15 | Build | Farm |
| 15:21 | Research | Fletching |
| 15:21 | Research | Fletching |
| 15:27 | Build | Farm |
| 15:33 | Queue | Villager (Male) |
| 15:36 | Build | House |
| 15:38 | Queue | Archer |
| 15:58 | Build | Palisade Wall |
| 16:01 | Build | House |
| 16:08 | Build | House |
| 16:10 | Build | House |
| 16:13 | Queue | Archer |
| 16:14 | Queue | Villager (Male) |
| 16:18 | Build | Palisade Wall |
| 16:20 | Build | Farm |
| 16:26 | Queue | Villager (Male) |
| 16:29 | Queue | Villager (Male) |
| 16:32 | Build | Farm |
| 16:35 | Queue | Archer |
| 16:45 | Build | Palisade Wall |
| 16:47 | Build | Palisade Wall |
| 16:49 | Build | Palisade Wall |
| 16:54 | Queue | Villager (Male) |
| 16:57 | Build | Farm |
| 16:58 | Queue | Villager (Male) |
| 17:10 | Queue | Villager (Male) |
| 17:14 | Build | Farm |
| 17:19 | Build | Palisade Wall |
| 17:21 | Queue | Villager (Male) |
| 17:35 | Research | Wheelbarrow |
| 17:40 | Build | Farm |
| 17:59 | Build | Farm |
| 18:09 | Queue | Archer |
| 19:06 | Research | Castle Age |
| 19:06 | Research | Castle Age |
| 19:12 | Queue | Archer |
| 19:12 | Queue | Archer |
| 19:25 | Build | Archery Range |
| 19:35 | Research | Padded Archer Armor |
| 19:36 | Research | Padded Archer Armor |
| 19:38 | Research | Gold Mining |
| 19:52 | Queue | Archer |
| 20:31 | Queue | Villager (Male) |
| 20:42 | Queue | Villager (Male) |
| 21:01 | Build | House |
| 21:09 | Queue | Villager (Male) |
| 21:36 | Build | House |
| 21:45 | Build | Palisade Wall |
| 21:49 | Age | Castle Age |
| 21:50 | Queue | Skirmisher |
| 21:50 | Queue | Skirmisher |
| 21:52 | Build | Stable |
| 21:53 | Queue | Villager (Male) |
| 21:58 | Queue | Villager (Male) |
| 22:12 | Queue | Villager (Male) |
| 22:17 | Queue | Villager (Male) |
| 22:32 | Build | Town Center |
| 22:35 | Queue | Villager (Male) |
| 22:39 | Queue | Knight |
| 22:39 | Queue | Knight |
| 22:41 | Queue | Villager (Male) |
| 22:52 | Research | Gold Shaft Mining |
| 22:53 | Research | Gold Shaft Mining |
| 22:56 | Queue | Knight |
| 23:12 | Research | Scale Barding Armor |
| 23:12 | Research | Scale Barding Armor |
| 23:18 | Queue | Villager (Male) |
| 23:23 | Build | Monastery |
| 23:26 | Queue | Villager (Male) |
Build order — Dr Zenit
First 150 of 395 actions detected
| 0:00 | Queue | Villager (Male) |
| 0:01 | Queue | Villager (Male) |
| 0:02 | Build | House |
| 0:02 | Build | House |
| 0:27 | Queue | Villager (Male) |
| 0:27 | Queue | Villager (Male) |
| 1:42 | Queue | Villager (Male) |
| 1:52 | Queue | Villager (Male) |
| 1:53 | Queue | Villager (Male) |
| 2:21 | Queue | Villager (Male) |
| 2:21 | Queue | Villager (Male) |
| 2:44 | Build | House |
| 2:53 | Queue | Villager (Male) |
| 3:18 | Queue | Villager (Male) |
| 3:23 | Build | Barracks |
| 3:44 | Queue | Villager (Male) |
| 4:07 | Queue | Villager (Male) |
| 4:19 | Queue | Militia |
| 4:20 | Queue | Militia |
| 4:28 | Queue | Militia |
| 4:39 | Queue | Villager (Male) |
| 4:43 | Queue | Villager (Male) |
| 4:56 | Queue | Militia |
| 5:20 | Queue | Militia |
| 5:28 | Build | House |
| 5:31 | Queue | Villager (Male) |
| 5:56 | Queue | Militia |
| 5:57 | Queue | Villager (Male) |
| 6:18 | Queue | Militia |
| 6:21 | Queue | Villager (Male) |
| 6:56 | Queue | Villager (Male) |
| 7:05 | Build | Lumber Camp |
| 7:23 | Queue | Villager (Male) |
| 7:28 | Build | House |
| 7:30 | Queue | Villager (Male) |
| 8:21 | Queue | Villager (Male) |
| 8:23 | Build | Mill |
| 8:49 | Queue | Villager (Male) |
| 8:52 | Build | Farm |
| 8:54 | Build | Farm |
| 9:16 | Queue | Villager (Male) |
| 9:26 | Build | Farm |
| 9:29 | Build | Mill |
| 9:37 | Queue | Villager (Male) |
| 10:03 | Queue | Villager (Male) |
| 10:20 | Build | Mining Camp |
| 10:25 | Build | House |
| 10:26 | Build | House |
| 10:30 | Queue | Villager (Male) |
| 11:26 | Research | Feudal Age |
| 11:54 | Build | Farm |
| 11:56 | Build | Farm |
| 12:27 | Queue | Militia |
| 12:27 | Queue | Militia |
| 12:44 | Age | Feudal Age |
| 12:49 | Queue | Villager (Male) |
| 12:50 | Research | Man-at-Arms (upgrade) |
| 12:54 | Research | Loom |
| 13:02 | Research | Double-Bit Axe |
| 13:05 | Build | Farm |
| 13:06 | Build | Farm |
| 13:06 | Build | Farm |
| 13:06 | Build | Farm |
| 13:06 | Build | Farm |
| 13:06 | Build | Farm |
| 13:07 | Build | Farm |
| 13:07 | Build | Farm |
| 13:15 | Research | Man-at-Arms (upgrade) |
| 13:17 | Queue | Villager (Male) |
| 13:45 | Build | Farm |
| 13:45 | Build | Farm |
| 13:45 | Build | Farm |
| 13:45 | Build | Farm |
| 13:46 | Build | Farm |
| 13:58 | Build | Watch Tower |
| 14:01 | Build | House |
| 14:06 | Queue | Villager (Male) |
| 14:14 | Build | House |
| 14:17 | Build | House |
| 14:20 | Build | House |
| 14:21 | Build | House |
| 14:31 | Queue | Villager (Male) |
| 14:51 | Queue | Villager (Male) |
| 14:55 | Build | Palisade Wall |
| 15:08 | Build | Palisade Wall |
| 15:09 | Queue | Villager (Male) |
| 15:48 | Build | Palisade Gate |
| 15:51 | Build | House |
| 15:55 | Queue | Villager (Male) |
| 15:59 | Build | House |
| 16:04 | Queue | Villager (Male) |
| 16:12 | Build | Palisade Wall |
| 16:23 | Build | Archery Range |
| 16:49 | Research | Wheelbarrow |
| 17:07 | Queue | Skirmisher |
| 17:07 | Queue | Skirmisher |
| 17:30 | Build | Blacksmith |
| 17:34 | Build | House |
| 17:37 | Queue | Skirmisher |
| 17:51 | Queue | Skirmisher |
| 17:52 | Queue | Villager (Male) |
| 18:13 | Build | Farm |
| 18:24 | Research | Castle Age |
| 18:28 | Queue | Skirmisher |
| 18:51 | Build | Farm |
| 18:52 | Build | Farm |
| 18:52 | Build | Farm |
| 18:52 | Build | Farm |
| 18:56 | Build | House |
| 19:06 | Build | Palisade Wall |
| 19:20 | Research | Fletching |
| 19:26 | Queue | Skirmisher |
| 19:29 | Queue | Skirmisher |
| 19:31 | Build | House |
| 19:32 | Build | House |
| 19:34 | Build | House |
| 20:00 | Queue | Villager (Male) |
| 20:05 | Age | Castle Age |
| 20:18 | Queue | Villager (Male) |
| 20:31 | Research | Bodkin Arrow |
| 20:34 | Queue | Skirmisher |
| 20:35 | Queue | Skirmisher |
| 21:03 | Queue | Villager (Male) |
| 21:33 | Queue | Villager (Male) |
| 21:34 | Queue | Villager (Male) |
| 21:35 | Queue | Skirmisher |
| 21:35 | Queue | Skirmisher |
| 22:01 | Queue | Villager (Male) |
| 22:12 | Queue | Skirmisher |
| 22:12 | Queue | Skirmisher |
| 22:17 | Queue | Militia |
| 22:17 | Queue | Militia |
| 22:17 | Queue | Militia |
| 22:20 | Research | Long Swordsman (upgrade) |
| 22:33 | Queue | Villager (Male) |
| 22:39 | Build | Market |
| 22:48 | Research | Arson |
| 22:54 | Queue | Militia |
| 22:54 | Queue | Militia |
| 22:58 | Research | Elite Skirmisher (upgrade) |
| 23:15 | Queue | Villager (Male) |
| 23:22 | Build | Town Center |
| 23:27 | Queue | Skirmisher |
| 23:27 | Queue | Skirmisher |
| 23:42 | Queue | Villager (Male) |
| 23:42 | Queue | Villager (Male) |
| 24:01 | Queue | Militia |
| 24:01 | Queue | Militia |
| 24:12 | Queue | Villager (Male) |
| 24:12 | Queue | Villager (Male) |
Match timeline
| 3:23 | Dr Zenit · first_building Barracks |
| 5:15 | AE | TurRomanticoH · wall_segment Palisade Wall x5 |
| 10:16 | AE | TurRomanticoH · first_building Barracks |
| 10:37 | AE | TurRomanticoH · age_up feudal |
| 11:35 | AE | TurRomanticoH · first_building Archery Range |
| 11:38 | AE | TurRomanticoH · wall_segment Palisade Wall x1 |
| 12:44 | Dr Zenit · age_up feudal |
| 14:14 | AE | TurRomanticoH · wall_segment Palisade Wall x2 |
| 14:55 | Dr Zenit · wall_segment Palisade Wall x19 |
| 15:08 | Dr Zenit · wall_segment Palisade Wall x14 |
| 15:58 | AE | TurRomanticoH · wall_segment Palisade Wall x1 |
| 16:12 | Dr Zenit · wall_segment Palisade Wall x1 |
| 16:18 | AE | TurRomanticoH · wall_segment Palisade Wall x3 |
| 16:23 | Dr Zenit · first_building Archery Range |
| 16:45 | AE | TurRomanticoH · wall_segment Palisade Wall x1 |
| 16:47 | AE | TurRomanticoH · wall_segment Palisade Wall x1 |
| 16:49 | AE | TurRomanticoH · wall_segment Palisade Wall x1 |
| 17:19 | AE | TurRomanticoH · wall_segment Palisade Wall x6 |
| 19:06 | Dr Zenit · wall_segment Palisade Wall x1 |
| 20:05 | Dr Zenit · age_up castle |
| 21:45 | AE | TurRomanticoH · wall_segment Palisade Wall x1 |
| 21:49 | AE | TurRomanticoH · age_up castle |
| 21:52 | AE | TurRomanticoH · first_building Stable |
| 23:17 | Dr Zenit · first_market_buy 100 stone |
| 23:23 | AE | TurRomanticoH · first_building Monastery |
| 24:24 | Dr Zenit · first_building Monastery |
| 33:02 | Dr Zenit · first_building Siege Workshop |
| 34:00 | AE | TurRomanticoH · first_market_buy 100 wood |
| 34:17 | Dr Zenit · first_market_sell 100 food |
| 35:10 | AE | TurRomanticoH · first_building Castle |
| 35:38 | Dr Zenit · age_up imperial |
| 37:56 | AE | TurRomanticoH · age_up imperial |
| 39:04 | Dr Zenit · wall_segment Stone Wall x4 |
| 39:13 | Dr Zenit · wall_segment Stone Wall x15 |
| 40:18 | AE | TurRomanticoH · first_building Siege Workshop |
| 40:27 | Dr Zenit · wall_segment Stone Wall x16 |
| 43:02 | Dr Zenit · wall_segment Palisade Wall x1 |
| 43:35 | AE | TurRomanticoH · wall_segment Stone Wall x1 |
| 44:21 | AE | TurRomanticoH · wall_segment Palisade Wall x1 |
| 46:25 | Dr Zenit · wall_segment Stone Wall x1 |
| 46:26 | Dr Zenit · wall_segment Stone Wall x1 |
| 46:58 | Dr Zenit · resign |
[ AI ANALYSIS · 1 CREDIT ]
What really happened in this match?
Wolo.gg analyzes every decision: build order, eco, micro, common mistakes by bracket. Personalized analysis on WhatsApp or Discord in 30 seconds.
Civ guide
Burgundians
Perfil
Jugador #3548374